 Dungeon Crawl Stone Soup version 0.26-a0-1058-g8dc6ce00ff (webtiles) character file.

Game seed: 12918610831061680724

3948 1994 the Scholar of Death (level 10, -1/76 HPs)
             Began as a Mummy Necromancer on Dec 13, 2020.
             Was a Follower of Kikubaaqudgha.
             Slain by a death yak (14 damage)
             ... on level 8 of the Dungeon.
             The game lasted 00:29:31 (11138 turns).

1994 the Scholar of Death (Mummy Necromancer)      Turns: 11138, Time: 00:29:32

Health: -1/76      AC: 10    Str: 13    XL:     10   Next: 2%
Magic:  3/22       EV: 14    Int: 17    God:    Kikubaaqudgha [*.....]
Gold:   512        SH:  0    Dex: 12    Spells: 9/25 levels left

rFire    x . .     SeeInvis .   a - +1 hunting sling
rCold    + + .     Faith    +   (no shield)
rNeg     + + +     Spirit   .   E - +0 steam dragon scales
rPois    ∞         Reflect  .   j - +0 helmet
rElec    .         Harm     .   o - +0 cloak
rCorr    +         Rampage  .   q - +0 pair of gloves
Will     +....                  C - +0 pair of boots
Stlth    ++........             x - amulet of faith
HPRegen  0.22/turn              u - ring of resist corrosion
MPRegen  0.18/turn              A - ring of protection from cold

@: no status effects
A: no potions, fire vulnerability, cold resistance 1, negative energy resistance
3, torment resistance, unbreathing
a: Receive Corpses, Renounce Religion


You were on level 8 of the Dungeon.
You worshipped Kikubaaqudgha.
Kikubaaqudgha was aware of your devotion.
You visited 2 branches of the dungeon, and saw 9 of its levels.

You collected 512 gold pieces.

Inventory:

Hand Weapons
 a - a +1 hunting sling (weapon)
 b - a +1 dagger of venom
 r - a +0 flail of protection
 B - a +0 spear
Missiles
 e - 151 stones (quivered ammo)
 i - 97 sling bullets
 n - 24 poisoned darts
Armour
 j - a +0 helmet (worn)
 o - a +0 cloak (worn)
 q - a +0 pair of gloves (worn)
 C - a +0 pair of boots (worn)
 E - +0 steam dragon scales (worn)
Jewellery
 u - a ring of resist corrosion (left hand)
 x - an amulet of faith (around neck)
 A - a ring of protection from cold (right hand)
Wands
 k - a wand of enslavement (10)
 D - a wand of iceblast (7)
Scrolls
 c - 2 scrolls of amnesia
 d - 6 scrolls of magic mapping
 f - 7 scrolls of identify
 g - a scroll of fog
 h - a scroll of fear {unknown}
 l - 2 scrolls of teleportation
 p - a scroll of immolation {unknown}
 t - a scroll of random uselessness {unknown}
 v - 2 scrolls of blinking
 w - a scroll of enchant weapon
 y - 3 scrolls of remove curse
 z - a scroll of vulnerability {unknown}


   Skills:
 + Level 6.2 Fighting
 - Level 2.5 Armour
 * Level 5.0 Dodging
 - Level 1.5 Stealth
 + Level 8.1 Spellcasting
 * Level 9.9 Necromancy


You had 9 spell levels left.
You knew the following spells:

 Your Spells              Type           Power        Failure   Level
a - Pain                  Necr           ####         1%          1
b - Animate Skeleton      Necr           #####.       1%          1
c - Vampiric Draining     Necr           #####.....   1%          3
d - Animate Dead          Necr           #####.....   1%          4
e - Agony                 Necr           #####...     4%          5
f - Corpse Rot            Necr/Air       N/A          1%          2

Your spell library contained the following spells:

 Spells                   Type           Power        Failure   Level
 Magic Dart               Conj           #...         11%         1
 Searing Ray              Conj           #.....       16%         2
 Dazzling Flash           Conj/Hex       #.....       30%         3
 Fulminant Prism          Conj/Hex       #.........   71%         4
 Iskenderun's Mystic Bla  Conj/Tloc      #.......     71%         4
 Beastly Appendage        Tmut           Unusable     N/A         1
 Wereblood                Tmut           Unusable     N/A         2
 Spider Form              Tmut/Pois      Unusable     N/A         3
 Ice Form                 Ice/Tmut       Unusable     N/A         4
 Blade Hands              Tmut           Unusable     N/A         5

Dungeon Overview and Level Annotations

Branches:
Dungeon (8/15)             Temple (1/1) D:5            Lair (0/6) D:8

Altars:
Ashenzari
Cheibriados
Dithmenos
Elyvilon
Fedhas
Gozag
Kikubaaqudgha
Makhleb
Nemelex Xobeh
Qazlal
Ru
Vehumet
Wu Jian
Zin
The Shining One


Innate Abilities, Weirdness & Mutations

You do not drink.
Your flesh is vulnerable to fire.
You are immune to poison.
Your flesh is cold resistant. (rC+)
You are immune to negative energy. (rN+++)
You are immune to unholy pain and torment.
You can survive without breathing.


Message History

Unknown command.
Casting: Vampiric Draining (safe; 1% risk of failure)
Confirm with . or Enter, or press ? or * to list all spells.
Aiming: Vampiric Draining (safe; 1% risk of failure)
Press: ? - help, Shift-Dir - straight line, f/p - death yak
Aim: a death yak (severely wounded)
The death yak is almost dead.
You feel life coursing into your body. The death yak gores you!!
* * * LOW HITPOINT WARNING * * *
Unknown command.
Unknown command.
Casting: Vampiric Draining (safe; 1% risk of failure)
Confirm with . or Enter, or press ? or * to list all spells.
Aiming: Vampiric Draining (safe; 1% risk of failure)
Press: ? - help, Shift-Dir - straight line, f/p - death yak
Aim: a death yak (almost dead)
The death yak is almost dead.
You feel life coursing into your body. The death yak gores you!
You die...
Kikubaaqudgha rasps: "You have failed me!
Welcome... oblivion!"

..... #(#
.#....##.######.
...B............
>.Y..###Y#######
Y.# #)# #(# #(#
#(#######
#...((Y@#
#########


You could see a death yak.

Vanquished Creatures
  A death yak (D:8)
  Joseph (D:7)
  Maggie (D:7)
  A sky beast (D:7)
  An ice beast (D:7)
  A phantom (D:7)
  3 ogres
  2 centaurs
  A bullfrog (D:6)
  4 scorpions
  3 wights (D:3)
  2 howler monkeys
  A centaur zombie (D:5)
  A bullfrog skeleton (D:5)
  A jelly (D:5)
  A hound (D:7)
  A gnoll shaman (D:7)
  4 orc priests
  2 centaur skeletons
  Natasha (thrice) (D:2)
  3 iguanas
  2 worker ants
  4 orc wizards
  A statue (D:7)
  2 killer bee zombies (D:7)
  A worker ant zombie (D:7)
  15 adders
  An ufetubus (D:5)
  An ooze (D:1)
  2 adder skeletons
  6 worms
  3 dart slugs
  4 leopard geckos
  25 orcs
  8 giant cockroaches
  9 goblins
  13 hobgoblins
  4 jackals
  4 kobolds
  4 quokkas
  3 ball pythons
  9 bats
  7 frilled lizards
  A jackal skeleton (D:7)
  A jackal zombie (D:7)
  10 rats
178 creatures vanquished.

Vanquished Creatures (collateral kills)
  A death yak (D:8)
  A centaur (D:8)
  A hound (D:8)
  2 river rats (D:8)
  A shadow imp (D:8)
6 creatures vanquished.

Vanquished Creatures (others)
  A plant (D:2)
1 creature vanquished.

Grand Total: 185 creatures vanquished

Notes
Turn   | Place    | Note
-------+----------+-------------------------------------------
     0 | D:1      | 1994 the Mummy Necromancer began the quest for the Orb.
     0 | D:1      | Reached XP level 1. HP: 13/13 MP: 4/4
   278 | D:1      | Reached XP level 2. HP: 20/20 MP: 0/5
   996 | D:1      | Reached skill level 1 in Fighting
  1280 | D:2      | Reached XP level 3. HP: 26/26 MP: 5/7
  1780 | D:2      | Learned a level 1 spell: Animate Skeleton
  1784 | D:2      | Learned a level 3 spell: Vampiric Draining
  1936 | D:2      | Noticed Natasha
  1943 | D:2      | Killed Natasha
  1944 | D:2      | Reached XP level 4. HP: 30/33 MP: 4/9
  2051 | D:2      | Reached skill level 5 in Necromancy
  2073 | D:2      | Noticed Natasha
  2151 | D:2      | Killed Natasha
  2351 | D:2      | Reached XP level 5. HP: 38/38 MP: 10/10
  2442 | D:2      | Noticed Natasha
  2449 | D:2      | Killed Natasha
  2514 | D:2      | Found a faded altar of an unknown god.
  2549 | D:3      | Learned a level 4 spell: Animate Dead
  3002 | D:3      | Reached XP level 6. HP: 20/46 MP: 6/12
  3190 | D:3      | Reached skill level 6 in Necromancy
  3893 | D:3      | Found a snail-covered altar of Cheibriados.
  4381 | D:4      | Reached skill level 5 in Spellcasting
  4381 | D:4      | Reached XP level 7. HP: 52/52 MP: 8/14
  4425 | D:4      | Learned a level 5 spell: Agony
  5017 | D:4      | Reached skill level 7 in Necromancy
  5082 | D:4      | Found a burning altar of Makhleb.
  5082 | D:4      | Noticed an Executioner
  5086 | D:4      | Noticed a neqoxec
  5086 | D:4      | Noticed a ynoxinul
  5264 | D:5      | Entered Level 5 of the Dungeon
  6020 | D:5      | Found a staircase to the Ecumenical Temple.
  6087 | Temple   | Entered the Ecumenical Temple
  6135 | Temple   | Became a worshipper of Kikubaaqudgha
  6744 | D:4      | Reached XP level 8. HP: 45/61 MP: 9/17
  7884 | D:6      | Reached skill level 8 in Necromancy
  8782 | D:7      | Noticed Maggie
  8798 | D:7      | Killed Maggie
  8799 | D:7      | Reached skill level 5 in Fighting
  8799 | D:7      | Reached skill level 1 in Armour
  8933 | D:7      | Reached * piety under Kikubaaqudgha
  8933 | D:7      | Identified Kikubaaqudgha's Guide on Unholy Rites
                  | (Kikubaaqudgha gifted it to you on level 7 of the Dungeon)
  8933 | D:7      | Received a gift from Kikubaaqudgha
  8940 | D:7      | Learned a level 2 spell: Corpse Rot
  9274 | D:7      | Noticed Joseph
  9287 | D:7      | Killed Joseph
  9288 | D:7      | Reached XP level 9. HP: 41/68 MP: 2/19
  9657 | D:7      | Reached skill level 9 in Necromancy
  9868 | D:7      | Found a radiant altar of Vehumet.
 10287 | D:7      | Found a stormy altar of Qazlal.
 10314 | D:7      | Found a glowing golden altar of the Shining One.
 10378 | D:7      | Found a sacrificial altar of Ru.
 10532 | D:8      | Noticed a death yak
 10558 | D:8      | Killed a death yak
 11024 | D:8      | Noticed a death yak
 11025 | D:8      | Found a staircase to the Lair.
 11026 | D:8      | Noticed a death yak
 11049 | D:8      | Killed a death yak
 11050 | D:8      | Reached skill level 5 in Dodging
 11050 | D:8      | Reached XP level 10. HP: 72/76 MP: 7/22
 11138 | D:8      | Slain by a death yak

Illustrated notes

Levels and vault maps discovered:
D:1:      scummos_arrival_star, layout_basic
D:2:      layout_basic, chequers_ecumenical_altar_lobes, uniq_natasha
D:3:      minmay_chambers_of_twos, layout_rooms, lemuel_round_altar
D:4:      layout_cave_pods, makhleb_altar_promises_db, minmay_diced_spiral
D:5:      layout_layer_cave, minmay_temple_entry_statues_pillars,
          minmay_statues_item
D:6:      layout_loops_ring, nicolae_overflow_hidden_temple
D:7:      layout_loops_corners, vehumet_statue, lemuel_coloured_pillars_altar,
          minitemple, minmay_circle_x, uniq_joseph, uniq_maggie
D:8:      layout_basic, kennysheep_okawaru_gauntlet, xom_shifter_show, tgw_sif,
          dpeg_lair_monsters, kennysheep_generic_room_4
Temple:   eino_temple_lava

Skill      XL: |  1  2  3  4  5  6  7  8  9 |
---------------+----------------------------+-----
Spellcasting   | 3 4 5 6 7 8 |  8.1
Fighting       | 1 2 3 4 5 6 |  6.2
Necromancy     | 5 6 7 8 9 |  9.9
Dodging        | 3 5 |  5.0
Armour         | 2 |  2.5
Stealth        | |  1.5

Action                   |  1- 3 |  4- 6 |  7- 9 | 10-12 || total
-------------------------+-------+-------+-------+-------++-------
Melee: Whip              |     5 |       |       |       ||     5
       Spear             |    38 |       |       |       ||    38
       Trident           |       |       |    15 |       ||    15
       Flail             |       |       |    10 |       ||    10
       Dagger            |       |       |    17 |       ||    17
 Fire: Hunting sling     |    18 |   124 |   193 |       ||   335
 Cast: Pain              |    72 |    89 |   168 |       ||   329
       Vampiric Draining |       |     2 |    23 |     5 ||    30
       Agony             |       |       |     2 |     1 ||     3
       Animate Dead      |       |       |     3 |       ||     3
       Corpse Rot        |       |       |     3 |       ||     3
Invok: Receive Corpses   |       |       |     1 |       ||     1
  Use: Scroll            |     3 |     2 |     3 |       ||     8
 Stab: Sleeping          |     3 |       |       |       ||     3
Armor: Robe              |     4 |       |       |       ||     4
       Leather armour    |       |    15 |    30 |       ||    45
       Steam dragon scal |       |       |    41 |       ||    41
       Ring mail         |       |       |     2 |       ||     2
Dodge: Dodged            |    35 |    49 |   140 |       ||   224

Table legend: (Time is in decaauts)
 A = Elapsed time spent in this place.
 B = Non-inter-level travel time spent in this place.
 C = Inter-level travel time spent in this place.
 D = Time resting spent in this place.
 E = Time spent auto-exploring this place.
 F = Levels seen in this place.
 G = Mean time per level.
                   A        B        C        D        E       F      G
               +--------+--------+--------+--------+--------+-----+--------+
         Total |  11221 |  10804 |    417 |   4052 |   4134 |   9 | 1246.8 |
       Dungeon |  11165 |  10748 |    417 |   4052 |   4134 |   8 | 1395.6 |
        Temple |     56 |     56 |      0 |      0 |      0 |   1 |   56.0 |
               +--------+--------+--------+--------+--------+-----+--------+

Top non-repeatable levels by time:
     D:7: 2152 daAuts
     D:5: 1927 daAuts
     D:4: 1775 daAuts
     D:3: 1434 daAuts
     D:1: 1423 daAuts
     D:2: 1242 daAuts
     D:6: 972 daAuts
     D:8: 236 daAuts
  Temple: 56 daAuts
